 Dungeon Crawl Stone Soup version 0.28-a0-1074-g3cb2360906 (webtiles) character file.

Game seed: 4226569616919384909

389 Lekart the Chopper (level 6, -3/53 HPs)
             Began as a Draconian Chaos Knight on Dec 9, 2021.
             Was a Plaything of Xom.
             Slain by Sigmund (8 damage)
             ... on level 5 of the Dungeon.
             The game lasted 00:07:10 (3813 turns).

Lekart the Chopper (Draconian Chaos Knight)         Turns: 3813, Time: 00:07:11

Health: -3/53      AC:  9    Str: 14    XL:     6   Next: 50%
Magic:  6/6        EV: 13    Int: 16    God:    Xom [.....*]
Gold:   141        SH:  0    Dex: 12    Spells: 5/5 levels left

rFire   + . .      SeeInvis .   a - +2 hand axe (chaos)
rCold   . . .      Faith    .   (no shield)
rNeg    . . .      Spirit   .   (armour unavailable)
rPois   .          Reflect  .   (helmet restricted)
rElec   .          Harm     .   (no cloak)
rCorr   .          Rampage  .   j - +0 pair of gloves
Will    +....                   k - +1 pair of boots "Tacvytuc" {rF+ Int+3}
Stlth   ++........              (no amulet)
HPRegen 0.17/turn               (no ring)
MPRegen 0.10/turn               (no ring)

@: no status effects
A: AC +6, unfitting armour, cold-blooded, stinger 1, high mp 1, strong-willed 1,
sense surroundings 1, wild magic 1
a: Renounce Religion


You were on level 5 of the Dungeon.
You worshipped Xom.
You were Xom's teddy bear.
You visited 1 branch of the dungeon, and saw 5 of its levels.

You collected 141 gold pieces.

Inventory:

Hand Weapons
 a - a +2 hand axe of chaos (weapon)
Armour
 j - a +0 pair of gloves (worn)
 k - the +1 pair of boots "Tacvytuc" (worn) {rF+ Int+3}
   (Xom gifted it to you on level 4 of the Dungeon)

   Int:       It affects your intelligence (+3).
   rF:        It protects you from fire.
Scrolls
 d - a scroll of amnesia
Potions
 e - a potion of brilliance
 f - 2 potions of curing
 i - 2 potions of attraction


   Skills:
 + Level 4.6 Fighting
 + Level 5.5 Axes
 + Level 3.5 Dodging
 + Level 1.9 Stealth


You had 5 spell levels left.
You didn't know any spells.
Your spell library contained the following spells:

 Spells                   Type           Power      Damage    Failure   Level
 Fulminant Prism          Conj/Hex       0%         3d6       96%         4
 Iskenderun's Mystic Bla  Conj/Tloc      0%         2d3       96%         4
 Lee's Rapid Deconstruct  Erth           0%         3d5*      100%        5


Dungeon Overview and Level Annotations

Branches:
Dungeon (5/15)             Temple (0/1) D:5

Altars:
Xom

Annotations:
D:3 exclusion: downstairs
D:5 Sigmund


Innate Abilities, Weirdness & Mutations

Your plain brown scales are hard. (AC +6)
You cannot fit into any form of body armour.
You are cold-blooded and may be slowed by cold attacks.
Your tail ends in a venomous barb.
You have an increased reservoir of magic. (+10% MP)
You are strong-willed. (Will+)
You passively map a small area around you.
Your spells are a little harder to cast, but a little more powerful.


Message History

Xom guffaws.
Sigmund flies into a frenzy!
Sigmund closely misses you. Sigmund misses you. Sigmund completely misses you.
Sigmund barely misses you.
Sigmund hits you from afar with a +0 scythe.
Sigmund misses you. Sigmund closely misses you. Sigmund closely misses you.
Sigmund hits you from afar with a +0 scythe!
Sigmund closely misses you.
Sigmund hits you from afar with a +0 scythe.
Sigmund hits you but does no damage.
Sigmund refuses to make way for you. (Use ctrl+direction or * direction to attack.) Sigmund refuses to make way for you. (Use ctrl+direction or * direction to attack.) Sigmund refuses to make way for you. (Use ctrl+direction or * direction to attack.)
You barely miss Sigmund.
Sigmund is heavily wounded.
Sigmund closely misses you.
You hit Sigmund.
Sigmund seems to slow down.
Your tail-slap misses Sigmund.
Sigmund is heavily wounded.
Sigmund is no longer moving slowly.
Sigmund misses you.
You hit Sigmund but do no damage.
Sigmund is heavily wounded.
Sigmund hits you with a +0 scythe!
* * * LOW HITPOINT WARNING * * *
A shower of butterflies erupts from you!
You hit Sigmund.
Sigmund flickers and vanishes!
You tail-slap something. Something hits you but does no damage.
You completely miss something. You hit something. You tail-slap something.
You hear some strange, mumbled words.
A magic dart appears from out of thin air!
The magic dart hits you.
* * * LOW HITPOINT WARNING * * *
You swap places.
Something hits you.
* * * LOW HITPOINT WARNING * * *
Something hits you!
You die...

, #.# # , #.# # ,*
#.# # , *, #.# # +
+ * #.# # , * #.# #
≈ ,, #.# #
###########.## #
#@b{b........#####
≈###########.......
#....... ######## *
** * * * ≈ * , , ,
* ≈≈ * ,* * *


There were no monsters in sight!

Vanquished Creatures
  An ogre (D:3)
  A centaur (D:5)
  A hound (D:5)
  An iguana (D:4)
  A hound skeleton (D:5)
  4 adders
  2 gnolls (D:2)
  3 dart slugs
  8 ball pythons
  6 endoplasms
  A giant cockroach (D:1)
  6 goblins
  3 hobgoblins
  5 kobolds
  A quokka (D:2)
  2 bats
  8 frilled lizards
  5 rats
59 creatures vanquished.

Vanquished Creatures (collateral kills)
  A gnoll shaman (D:4)
  2 gnolls
  A dart slug (D:2)
4 creatures vanquished.

Vanquished Creatures (others)
  An ufetubus (D:5)
  An orc (D:5)
2 creatures vanquished.

Grand Total: 65 creatures vanquished

Notes
Turn   | Place    | Note
-------+----------+-------------------------------------------
     0 | D:1      | Lekart the Draconian Chaos Knight began the quest for the
                  | Orb.
     0 | D:1      | Reached XP level 1. HP: 19/19 MP: 1/1
   226 | D:1      | Reached XP level 2. HP: 25/26 MP: 2/2
   310 | D:1      | XOM: noise
   402 | D:1      | XOM: 10-stop teleportation journey
   511 | D:1      | XOM: 5-stop teleportation journey
   514 | D:1      | XOM: noise
   997 | D:1      | XOM: scenery: 1 doors close
  1060 | D:2      | Reached XP level 3. HP: 33/33 MP: 3/3
  1069 | D:2      | XOM: summons friendly white imp
  1076 | D:2      | Reached XP level 4. HP: 16/40 MP: 4/4
  1132 | D:2      | XOM: stat loss: -1 Str (13/14)
  1453 | D:2      | XOM: give mutations
  1453 | D:2      | Gained mutation: You are strong-willed. (Will+) [Xom's
                  | grace]
  1453 | D:2      | Gained mutation: You are agile. (Dex +2) [Xom's grace]
  1482 | D:2      | Reached skill level 4 in Axes
  1594 | D:2      | XOM: god gift: 23 gold pieces
  1859 | D:3      | Noticed an ogre
  1861 | D:3      | XOM: cast spell 'Chain of Chaos'
  1865 | D:3      | Killed an ogre
  1866 | D:3      | Reached skill level 1 in Stealth
  1866 | D:3      | Reached XP level 5. HP: 25/47 MP: 5/5
  1995 | D:3      | XOM: give mutation
  1995 | D:3      | Lost mutation: You are agile. (Dex +2) [Xom's mischief]
  1998 | D:3      | p
  2318 | D:3      | Found a faded altar of an unknown god.
  2763 | D:3      | XOM: give mutations
  2763 | D:3      | Gained mutation: Your tail ends in a venomous barb. [Xom's
                  | grace]
  2763 | D:3      | Gained mutation: You passively map a small area around you.
                  | [Xom's grace]
  2763 | D:3      | Gained mutation: You have an increased reservoir of magic.
                  | (+10% MP) [Xom's grace]
  2763 | D:3      | Gained mutation: Your spells are a little harder to cast,
                  | but a little more powerful. [Xom's grace]
  3043 | D:4      | Identified the +1 pair of boots "Tacvytuc" {rF+ Int+3} (Xom
                  | gifted it to you on level 4 of the Dungeon)
  3043 | D:4      | XOM: god gift: +1 pair of boots "Tacvytuc" {rF+ Int+3}
  3197 | D:4      | Noticed a phantom
  3201 | D:4      | XOM: polymorph adder -> river rat
  3202 | D:4      | XOM: fog
  3204 | D:4      | XOM: 5-stop teleportation journey
  3301 | D:4      | XOM: scenery: create altars
  3483 | D:4      | XOM: summons 3 friendly demons
  3486 | D:4      | Reached skill level 5 in Axes
  3486 | D:4      | Reached XP level 6. HP: 31/53 MP: 6/6
  3511 | D:5      | Entered Level 5 of the Dungeon
  3650 | D:5      | XOM: 2-stop teleportation journey
  3715 | D:5      | XOM: destruction
  3738 | D:5      | Noticed Sigmund
  3741 | D:5      | Noticed a two-headed ogre
  3790 | D:5      | XOM: destruction
  3791 | D:5      | XOM: cast spell 'Discord'
  3807 | D:5      | XOM: butterfly on damage
  3813 | D:5      | Slain by Sigmund

Illustrated notes

♣.♣ ♣.♣ ... ..
♣.♣ #.# ♣.♣ ..
### #.###.
#)..###..#.# #
#.....<@.#.#.#.##
#..P##...........
#≈ ♣≈............
♣≈...###)#.#.#.
#≈≈.... .....
#..##.# .#.#.#
.... ... .#.# ##.
### .# # # .#


Turn 1998 on D:3: p

Levels and vault maps discovered:
D:1:      elethiomel_arrival_quiet, layout_basic
D:2:      layout_loops_ring
D:3:      layout_basic, chequers_ecumenical_altar_grove, serial_bayou_pond_d,
          minmay_tree_intersection
D:4:      layout_basic, serial_shops, shop
D:5:      layout_loops_ring, minmay_temple_entry_from_below_a, nrook_campfire,
          kennysheep_cross_bottleneck, uniq_menkaure, uniq_sigmund

Skill      XL: |  1  2  3  4  5 |
---------------+----------------+-----
Fighting       | 4 |  4.6
Axes           | 4 5 |  5.5
Dodging        | 3 |  3.5
Stealth        | 1 |  1.9

Action                   |  1- 3 |  4- 6 || total
-------------------------+-------+-------++-------
Melee: Hand axe          |    61 |   109 ||   170
       Tailslap          |     6 |    16 ||    22
Throw: Throwing net      |       |     1 ||     1
  Use: Potion            |       |     4 ||     4
       Scroll            |       |     7 ||     7
 Stab: Sleeping          |     3 |     3 ||     6
Armor: Skin              |    14 |    34 ||    48
Dodge: Dodged            |    52 |    64 ||   116

Table legend: (Time is in decaauts)
 A = Elapsed time spent in this place.
 B = Non-inter-level travel time spent in this place.
 C = Inter-level travel time spent in this place.
 D = Time resting spent in this place.
 E = Time spent auto-exploring this place.
 F = Levels seen in this place.
 G = Mean time per level.
                   A        B        C        D        E       F      G
               +--------+--------+--------+--------+--------+-----+--------+
         Total |   3818 |   3707 |    111 |    369 |   2727 |   5 |  763.6 |
       Dungeon |   3818 |   3707 |    111 |    369 |   2727 |   5 |  763.6 |
               +--------+--------+--------+--------+--------+-----+--------+

Top non-repeatable levels by time:
     D:3: 1156 daAuts
     D:1: 1013 daAuts
     D:2: 857 daAuts
     D:4: 488 daAuts
     D:5: 302 daAuts
